 Dungeon Crawl Stone Soup version 0.29.1-12-g30fa7ad0bf (webtiles) character file.

Game seed: 9450739494265076418

55834 cheesebisquit the Peltast (level 14, 0/126 HPs)
             Began as a Minotaur Berserker on Jan 2, 2023.
             Was an Elder of Trog.
             Shot with a bolt by a yaktaur (8 damage)
             ... on level 12 of the Dungeon.
             The game lasted 01:28:04 (20874 turns).

cheesebisquit the Peltast (Minotaur Berserker)     Turns: 20874, Time: 01:28:05

Health: 0/126      AC: 25    Str: 25    XL:     14   Next: 39%
Magic:  13/13      EV: 25    Int:  4    God:    Trog [****..]
Gold:   1207       SH: 13    Dex: 12    Spells: 13/13 levels left

rFire   . . .      SeeInvis .   E - +7 war axe (vorpal)
rCold   . . .      Faith    .   a - +0 kite shield
rNeg    . . .      Spirit   .   m - +0 plate armour
rPois   .          Reflect  .   x - +0 hat
rElec   .          Harm     .   M - +0 cloak
rCorr   .          Rampage  .   o - +1 pair of gloves
Will    ++...                   F - +0 pair of boots
Stlth   ..........              y - amulet of the acrobat
HPRegen 0.31/turn               K - +4 ring of protection
MPRegen 0.13/turn               D - ring of willpower

@: mighty, about to teleport, on berserk cooldown, acrobatic
A: horns 2, retaliatory headbutt
a: Renounce Religion, Berserk, Trog's Hand, Brothers in Arms


You were on level 12 of the Dungeon.
You worshipped Trog.
Trog was greatly pleased with you.
You visited 2 branches of the dungeon, and saw 18 of its levels.
You also visited: Ossuary.

You collected 1418 gold pieces.
You spent 211 gold pieces at shops.

Inventory:

Hand Weapons
 k - a +0 battleaxe
 r - a +0 morningstar
 B - a +0 spear
 E - a +7 vorpal war axe (weapon)
Missiles
 G - a throwing net (quivered)
 L - 22 poisoned darts
Armour
 a - a +0 kite shield (worn)
 m - a +0 plate armour (worn)
 o - a +1 pair of gloves (worn)
 x - a +0 hat (worn)
 F - a +0 pair of boots (worn)
 M - a +0 cloak (worn)
Jewellery
 d - a ring of protection from cold
 q - a ring of protection from cold
 y - an amulet of the acrobat (around neck)
 D - a ring of willpower (right hand)
 K - a +4 ring of protection (left hand)
 U - a ring of protection from fire
Wands
 b - a wand of charming (23)
 n - a wand of flame (48)
 t - a wand of acid (11)
 u - a wand of roots (25)
 C - a wand of mindburst (16)
 N - a wand of polymorph (6)
Scrolls
 c - 2 scrolls of fear
 e - 6 scrolls of teleportation
 g - 3 scrolls of magic mapping
 h - 2 scrolls of silence
 j - 2 scrolls of brand weapon
 l - 4 scrolls of vulnerability
 H - a scroll of summoning {unknown}
 R - a scroll of poison {unknown}
Potions
 f - 3 potions of magic
 i - 4 potions of mutation
 p - 5 potions of invisibility
 s - 2 potions of lignification
 v - 4 potions of resistance
 w - 12 potions of curing
 z - 3 potions of flight
 J - 3 potions of cancellation
 O - 3 potions of ambrosia
 Q - 2 potions of attraction
 S - a potion of haste {unknown}


   Skills:
 + Level 12.3 Fighting
 - Level 16.3 Axes
 + Level 12.0 Armour
 + Level 11.0 Dodging
 - Level 16.4 Shields


You had 13 spell levels left.
You didn't know any spells.
Your spell library was empty.

Dungeon Overview and Level Annotations

Branches:
Dungeon (13/15)            Temple (0/1) D:6            Lair (5/5) D:10
  Swamp (0/4) Lair:2       Spider (0/4) Lair:3        Slime (0/5) Lair:4
    Orc (0/2) D:12        Ossuary (visited)
 Vaults: D:13-14

Altars:
Fedhas
Gozag
Hepliaklqana
Makhleb
Qazlal
Sif Muna
Vehumet
Zin
Jiyva

Shops:
D:7 ?   D:9 *   D:11 [

Annotations:
D:7 1 runed translucent door
D:13 Azrael
Lair:4 1 runed translucent door


Innate Abilities, Weirdness & Mutations

You have a pair of horns on your head.
You reflexively headbutt those who attack you in melee.


Message History

* * * LOW HITPOINT WARNING * * *
The boulder beetle stops rolling and uncurls.
You feel much better.
Your skin stops crawling.
You feel less strong-willed.
The manticore is engulfed in blazing flames.
The yaktaur unwields a +0 arbalest.
You block the yaktaur's attack.
The boulder beetle leaps!
The manticore is engulfed in blazing flames.
The manticore dies!
The yaktaur wields a +0 arbalest.
The yaktaur shoots a bolt.
The bolt hits you.
The boulder beetle curls into a ball and begins rolling!
The deep elf pyromancer points at you and mumbles some strange words.
The bolt of fire misses you.
The yaktaur captain wields a +0 arbalest.
The yaktaur captain shoots a bolt.
The bolt hits you!!
* * * LOW HITPOINT WARNING * * *
There is a stone staircase leading up, spattered with blood here.
The deep elf pyromancer casts a spell at you.
The sticky flame hits you!
You are covered in liquid flames!
* * * LOW HITPOINT WARNING * * *
The boulder beetle is engulfed in blazing flames.
The boulder beetle stops rolling and uncurls.
You climb upwards.
You are covered in liquid flames!
* * * LOW HITPOINT WARNING * * *
You feel yourself speed up.
You are no longer on fire.
The sentinel's mark upon you fades away.
There is a stone staircase leading down here.
As you read the scroll of fog, it crumbles to dust.
The scroll dissolves into smoke.
You block the deep elf pyromancer's attack.
The yaktaur unwields a +0 arbalest.
The yaktaur hits you but does no damage.
As you read the scroll of teleportation, it crumbles to dust.
You feel strangely unstable.
The deep elf pyromancer mumbles some strange words.
The deep elf pyromancer blinks!
The yaktaur wields a +0 arbalest.
The yaktaur shoots a bolt.
The bolt hits you!
You die...

....'........#.......#
....#........#.......#
....#........'.......#
#####........#.......#
....#........#....e..#
....#........#.......#
....#........#.......#
....#........####'####
#####........#§§@....#
.............§c§§§...#
.............#§§§§...#
....####'#####.§§§...#
....#........#########
....#........#.....<.#
....#........'.......#
....#........#.......#
....#........#.......#


You could see a yaktaur and a deep elf pyromancer.

Vanquished Creatures
  Rupert (Lair:3)
  Josephine (Lair:4)
  4 boulder beetles
  3 catoblepae
  A hydra (Lair:1)
  A centaur warrior (D:13)
  Erica (D:8)
  A two-headed ogre (D:9)
  Nergalle (Lair:2)
  2 bog bodies (Lair:2)
  3 oklob plants
  2 manticores
  8 elephants (Lair:5)
  4 black mambas
  Maggie (Lair:2)
  19 cane toads
  A rime drake (Lair:3)
  An unseen horror (D:12)
  6 kobold demonologists
  13 komodo dragons
  A meliai (Lair:3)
  5 tyrant leeches (Lair:5)
  5 polar bears
  3 hornets (Lair:3)
  26 blink frogs
  5 slime creatures (D:10)
  4 dream sheep (Lair:3)
  12 spriggans (Lair:3)
  A shadow (D:11)
  2 wyverns
  3 wraiths (Lair:4)
  28 yaks
  A fire elemental (D:13)
  4 steam dragons
  Grum (D:8)
  A basilisk (Lair:3)
  10 vampire mosquitoes
  3 swamp worms (Lair:2)
  8 water moccasins
  2 acid dragons
  3 hell hounds (D:13)
  A black bear (D:8)
  3 ice beasts
  A swamp drake (D:12)
  5 orc warriors
  A sky beast (D:7)
  6 ogres
  17 wolves
  3 boggarts (Lair:3)
  7 centaurs
  17 bullfrogs
  3 kobold brigands (D:11)
  2 gnoll sergeants (D:7)
  3 necrophages
  8 scorpions (D:7)
  15 killer bees
  3 electric eels
  8 howler monkeys
  2 centaur zombies (Ossuary)
  A quasit (D:7)
  2 jellies
  2 gnoll boudas (D:6)
  2 human zombies (Ossuary)
  10 orc priests
  A hound (D:5)
  5 iguanas
  Natasha (thrice) (D:4)
  12 orc wizards
  6 mummies (Ossuary)
  18 gnolls
  5 adders
  4 shadow imps
  5 white imps
  3 ufetubi
  2 worms
  49 orcs
  7 bats
  4 endoplasms
  9 giant cockroaches
  11 goblins
  9 hobgoblins
  5 jackals
  7 kobolds
  2 quokkas
  5 ball pythons
  6 frilled lizards
  2 goblin zombies (D:5)
  2 hobgoblin zombies (Ossuary)
  2 orc zombies (Ossuary)
  6 rats
514 creatures vanquished.

Vanquished Creatures (others)
  A manticore (D:13)
  15 fungi
  88 plants
104 creatures vanquished.

Grand Total: 618 creatures vanquished

Notes
Turn   | Place    | Note
-------+----------+-------------------------------------------
     0 | D:1      | cheesebisquit the Minotaur Berserker began the quest for
                  | the Orb.
     0 | D:1      | Reached XP level 1. HP: 19/19 MP: 0/0
   316 | D:1      | Reached XP level 2. HP: 27/27 MP: 1/1
   917 | D:2      | Reached XP level 3. HP: 33/33 MP: 2/2
  1129 | D:2      | Reached ** piety under Trog
  1138 | D:2      | Reached skill level 5 in Axes
  1208 | D:2      | Reached XP level 4. HP: 38/40 MP: 3/3
  1550 | D:2      | Found a faded altar of an unknown god.
  1868 | D:3      | Found a stormy altar of Qazlal.
  2095 | D:3      | Reached XP level 5. HP: 46/46 MP: 4/4
  2686 | D:3      | Found a burning altar of Makhleb.
  2761 | D:4      | Noticed an ogre
  2766 | D:4      | Killed an ogre
  2767 | D:4      | Reached XP level 6. HP: 52/52 MP: 5/5
  2891 | D:4      | Noticed an ice beast
  2900 | D:4      | Killed an ice beast
  2915 | D:4      | Noticed Natasha
  2919 | D:4      | Killed Natasha
  2977 | D:4      | Noticed Natasha
  2986 | D:4      | Killed Natasha
  3384 | D:4      | Reached XP level 7. HP: 6/58 MP: 6/6
  3459 | D:4      | Noticed Natasha
  3485 | D:4      | Killed Natasha
  3678 | D:4      | Reached skill level 10 in Axes
  4097 | D:5      | Entered Level 5 of the Dungeon
  4323 | D:5      | Found a hazy altar of Hepliaklqana.
  4341 | D:5      | Found Zin's Purification Station.
  4343 | D:5      | Found a glowing silver altar of Zin.
  4349 | D:5      | Bought a potion of curing for 90 gold pieces
  4364 | D:5      | Found a sand-covered staircase.
  4373 | Ossuary  | Entered an ossuary
  4512 | Ossuary  | Reached *** piety under Trog
  4513 | Ossuary  | Reached XP level 8. HP: 64/66 MP: 7/7
  5234 | D:6      | Reached XP level 9. HP: 71/71 MP: 8/8
  5458 | D:6      | Reached **** piety under Trog
  5829 | D:6      | Found a staircase to the Ecumenical Temple.
  5832 | D:6      | Reached skill level 15 in Axes
  6362 | D:7      | Found Bunekuirgh's Magic Scroll Emporium.
  6551 | D:7      | Found a runed translucent door.
  6553 | D:7      | Found a runed translucent door.
  6996 | D:7      | Found an opulent altar of Gozag.
  7015 | D:7      | Reached skill level 1 in Shields
  7167 | D:7      | Found a radiant altar of Vehumet.
  7760 | D:8      | Reached XP level 10. HP: 71/78 MP: 9/9
  7767 | D:8      | Noticed Grum
  7774 | D:8      | Reached skill level 5 in Shields
  7778 | D:8      | Killed Grum
  8071 | D:8      | Noticed Erica
  8083 | D:8      | Killed Erica
  8545 | D:9      | Noticed a two-headed ogre
  8551 | D:9      | Killed a two-headed ogre
  8881 | D:9      | Reached skill level 10 in Shields
  9052 | D:9      | Found Xink's General Store.
  9112 | D:9      | Noticed a sixfirhy
  9484 | D:9      | Noticed a catoblepas
  9507 | D:9      | Killed a catoblepas
  9508 | D:9      | Reached XP level 11. HP: 6/83 MP: 10/10
 10030 | D:10     | Entered Level 10 of the Dungeon
 10119 | D:10     | Found a staircase to the Lair.
 10124 | D:10     | Noticed an oklob plant
 10938 | D:11     | Noticed a boulder beetle
 10949 | D:11     | Killed a boulder beetle
 11136 | D:11     | Found Fud Roth's Antique Armour Shop.
 11145 | D:11     | Reached skill level 15 in Shields
 11229 | D:11     | Bought a cloak for 121 gold pieces
 12069 | D:12     | Found a staircase to the Orcish Mines.
 12489 | D:12     | Noticed a boulder beetle
 12516 | D:12     | Killed a boulder beetle
 13065 | D:13     | Noticed Azrael
 13449 | D:10     | Killed an oklob plant
 13450 | D:10     | Reached XP level 12. HP: 71/91 MP: 11/11
 13455 | Lair:1   | Entered Level 1 of the Lair of Beasts
 13877 | Lair:1   | Reached skill level 5 in Fighting
 14000 | Lair:1   | Noticed an eight-headed hydra
 14008 | Lair:1   | Killed an eight-headed hydra
 14018 | Lair:1   | Identified the +1 chain mail of the Cooper {Will+ Str+3
                  | Int+3}
 14684 | Lair:2   | Reached skill level 5 in Armour
 14703 | Lair:2   | Reached skill level 5 in Dodging
 14707 | Lair:2   | Found a staircase to the Swamp.
 14790 | Lair:2   | Noticed Maggie
 14805 | Lair:2   | Killed Maggie
 14973 | Lair:2   | Noticed a boulder beetle
 14987 | Lair:2   | Killed a boulder beetle
 15058 | Lair:2   | Noticed a catoblepas
 15068 | Lair:2   | Killed a catoblepas
 15401 | Lair:2   | Noticed Nergalle
 15408 | Lair:2   | Killed Nergalle
 15810 | Lair:3   | Found a blossoming altar of Fedhas.
 16015 | Lair:3   | Reached XP level 13. HP: 107/107 MP: 12/12
 16077 | Lair:3   | Noticed Rupert
 16090 | Lair:3   | Killed Rupert
 16477 | Lair:3   | Identified the +1 helmet of Sunlight {Regen+ Dex+3}
 16653 | Lair:3   | HP: 1/111 [spriggan rider/+0 spear (18)]
 17062 | Lair:3   | Identified the +1 scale mail of Shadows and Fog {Str+4}
 17269 | Lair:3   | Found a hole to the Spider Nest.
 17714 | Lair:4   | Reached skill level 10 in Fighting
 17730 | Lair:4   | You fall into a shaft and drop 1 floor!
 17730 | Lair:5   | Entered Level 5 of the Lair of Beasts
 17752 | Lair:4   | Noticed Josephine
 17762 | Lair:4   | Killed Josephine
 17807 | Lair:4   | Found a shimmering blue altar of Sif Muna.
 17821 | Lair:4   | Found a runed translucent door.
 17822 | Lair:4   | Found a viscous altar of Jiyva.
 17822 | Lair:4   | Noticed an acid blob
 17823 | Lair:4   | Found a staircase to the Slime Pits.
 17827 | Lair:4   | Reached skill level 10 in Armour
 17873 | Lair:4   | Noticed an acid blob
 18769 | Lair:5   | Reached skill level 10 in Dodging
 18771 | Lair:5   | Reached XP level 14. HP: 73/124 MP: 13/13
 20871 | D:12     | HP: 6/126 [burnt (6)]
 20874 | D:12     | Shot with a bolt by a yaktaur

Illustrated notes

Levels and vault maps discovered:
D:1:      evilmike_arrival_hilbert_curve, layout_loops_ring
D:2:      layout_loops_ring, hellmonk_ecumenical_altar_pennies_from_heaven,
          nrook_uturn
D:3:      layout_basic, grunt_qazlal_sundering, lemuel_round_altar
D:4:      layout_basic, uniq_natasha
D:5:      layout_rooms, nzn_hepliaklqana_mist_gate, zin_purify, enter_ossuary_4,
          kennysheep_generic_room_2
D:6:      layout_basic, minmay_temple_entry_fiery, minmay_crystal_water,
          grunt_ministairs_13, grunt_decor_cap
D:7:      lemuel_insect_pit, layout_basic, old_standard_altar,
          vehumet_altar_wand_db, enter_bailey_4, serial_shops,
          kennysheep_little_box, serial_demonic, serial_demonic_e,
          serial_demonic_f, serial_demonic_c, serial_demonic_e
D:8:      layout_loops_ring, uniq_erica, uniq_grum
D:9:      layout_roguey, serial_shops, nicolae_shop_trees
D:10:     layout_cave_pods, dpeg_oklobed_lair
D:11:     layout_cave_pools, serial_shops, nicolae_shop_statue_plus
D:12:     layout_grid_maze, erik_orc_1
D:13:     minmay_general_purpose_star, layout_rooms, david_vaults_2, uniq_azrael
Lair:1:   layout_roguey, grunt_megastairs_2, serial_bayou_shore_b
Lair:2:   layout_big_grid, nicolae_swamp_entry_splash_gauntlet,
          cheibrodos_lair_caveside_slide, lemuel_fruit_tree,
          serial_bayou_shore_a, serial_bayou_shore_b, uniq_nergalle, uniq_maggie
Lair:3:   kb_forest_paths, layout_regular_city,
          hellmonk_spider_entry_not_the_bees, hangedman_tree_tricks,
          st_stairs_8, uniq_rupert
Lair:4:   layout_roguey, slime_entry_2, basic_altar, uniq_josephine
Lair:5:   minmay_lair_end_frog_pond, layout_cellular_growth

Skill      XL: |  1  2  3  4  5  6  7  8  9 10 11 12 13 14 |
---------------+-------------------------------------------+-----
Axes           | 4 5 6 8 9 11 14 16 | 16.3
Shields        | 4 11 16 | 16.4
Fighting       | 8 11 12 | 12.3
Armour         | 7 10 12 | 12.0
Dodging        | 7 10 11 | 11.0

Action                   |  1- 3 |  4- 6 |  7- 9 | 10-12 | 13-15 || total
-------------------------+-------+-------+-------+-------+-------++-------
Melee: Hand axe          |    70 |   108 |   151 |       |       ||   329
       Headbutt          |     6 |    12 |    50 |   114 |    96 ||   278
       Punch             |       |     2 |     3 |       |       ||     5
       War axe           |       |       |    79 |   475 |   450 ||  1004
       Battleaxe         |       |       |    69 |       |       ||    69
       Morningstar       |       |       |       |     3 |       ||     3
Invok: Berserk           |     1 |     5 |     5 |    22 |    13 ||    46
       Trog's Hand       |       |     2 |     5 |    23 |    20 ||    50
  Use: Potion            |     1 |       |       |     3 |     6 ||    10
       Scroll            |       |     4 |    13 |    10 |    10 ||    37
 Stab: Confused          |       |       |       |     1 |       ||     1
Armor: Animal skin       |     3 |       |       |       |       ||     3
       Ring mail         |    18 |    23 |       |       |       ||    41
       Scale mail        |       |     7 |    83 |    32 |       ||   122
       Chain mail        |       |       |       |    30 |       ||    30
       Plate armour      |       |       |       |    49 |   181 ||   230
Dodge: Dodged            |    53 |    55 |   142 |   155 |   152 ||   557
Block: Kite shield       |       |       |     9 |   271 |   263 ||   543
